 Dungeon Crawl Stone Soup version 0.30-a0-154-gb106f4c828 (webtiles) character file.

Game seed: 4045452970142880950

54 Decritt the Conjurer (level 3, -5/18 HPs)
             Began as a Spriggan Conjurer on Sept 27, 2022.
             Killed from afar by Sigmund (11 damage)
             ... with a magic dart
             ... while paralysed
             ... on level 2 of the Dungeon.
             The game lasted 00:05:25 (2141 turns).

Decritt the Conjurer (Spriggan Conjurer)            Turns: 2141, Time: 00:05:26

Health: -5/18      AC:  2    Str:  0 (3)  XL:     3   Next: 66%
Magic:  4/8        EV:  4    Int: 20 (21) God:
Gold:   77         SH:  0    Dex: 10 (13) Spells: 5/8 levels left

rFire   . . .      SeeInvis +    (weapon restricted)
rCold   . . .      Faith    .    (no shield)
rNeg    . . .      Spirit   .    a - +0 robe
rPois   .          Reflect  .    (helmet restricted)
rElec   .          Harm     .    (no cloak)
rCorr   .          Rampage  .    (gloves unavailable)
Will    .....                    (boots unavailable)
Stlth   +.........               (no amulet)
HPRegen 0.00/turn                (no ring)
MPRegen 0.11/turn                (no ring)

@: confused, paralysed, inhibited regen, slowed, lost strength, very quick
A: very small, no large weapons, unfitting armour, see invisible, speed 3
a: no special abilities


You were on level 2 of the Dungeon.
You visited 1 branch of the dungeon, and saw 2 of its levels.

You collected 77 gold pieces.

Inventory:

Armour
 a - a +0 robe (worn)
Scrolls
 d - 3 scrolls of identify {unknown}
 g - a scroll of fog {unknown}
 h - a scroll of magic mapping {unknown}
 i - a scroll of brand weapon {unknown}
Potions
 b - a potion of magic
 c - a potion of attraction {unknown}
 e - a potion of invisibility {unknown}
 f - a potion of ambrosia {unknown}
 k - a potion of heal wounds {unknown}


   Skills:
 + Level 1.0 Fighting
 + Level 3.3 Dodging
 - Level 3.0 Stealth
 + Level 3.3 Spellcasting
 * Level 3.4 Conjurations


You had 5 spell levels left.
You knew the following spells:

 Your Spells              Type           Power      Damage    Failure   Level
a - Magic Dart            Conj           68%        1d6       3%          1
b - Searing Ray           Conj           34%        2d5       4%          2

Your spell library contained the following spells:

 Spells                   Type           Power      Damage    Failure   Level
 Dazzling Flash           Conj/Hex       20%        N/A       21%         3
 Call Imp                 Summ           3%         N/A       22%         2
 Mephitic Cloud           Conj/Pois/Air  7%         N/A       26%         3
 Ozocubu's Armour         Ice            3%         N/A       38%         3
 Fulminant Prism          Conj/Hex       5%         3d7       56%         4
 Iskenderun's Mystic Bla  Conj/Tloc      10%        2d4       56%         4
 Metabolic Englaciation   Hex/Ice        1%         N/A       98%         5
 Simulacrum               Ice/Necr       1%         N/A       100%        6


Dungeon Overview and Level Annotations

Branches:
Dungeon (2/15)

Altars:

Annotations:
D:2 1 runed translucent door, Crazy Yiuf, Sigmund


Innate Abilities, Weirdness & Mutations

You are very small and have problems with some larger weapons.
You are too small for most types of armour.
You have supernaturally acute eyesight. (SInv)
You cover ground extremely quickly. (Speed+++)


Message History

Sigmund is moderately wounded. (Press . to maintain the ray.)
The searing ray hits Sigmund!
Sigmund is severely wounded.
The searing ray misses Sigmund.
Sigmund misses you.
The searing ray hits Sigmund!
Sigmund is almost dead.
You finish channelling your searing ray.
Sigmund casts a spell at you.
You are confused.
You're too confused to cast spells.
Sigmund barely misses you.
You bump into the rock wall.
Sigmund hits you but does no damage.
You bump into the rock wall.
Sigmund hits you with a +0 scythe!
Ouch! That really hurt!
* * * LOW HITPOINT WARNING * * *
You're too confused to move!
You're too confused to move!
Sigmund completely misses you.
You bump into the rock wall.
You feel less confused. Sigmund gestures at you while chanting.
You are confused.
You bump into the rock wall.
Sigmund gestures at you while chanting. The magic dart hits you.
* * * LOW HITPOINT WARNING * * *
Unknown command.
You are too confused!
It was a potion of degeneration.
There was something very wrong with that liquid.
You feel weakened.
You have lost your strength.
You feel dopey.
You feel clumsy.
Sigmund gestures wildly while chanting.
Sigmund flickers and vanishes for a moment.
Sigmund gestures at you while chanting. The magic dart hits you!
Ouch! That really hurt!
You die...

# ####... # #... . #
##.# .#
############..##.#
.......>.........
##..........##.###
#####@...........###
#
###.#......@..<######
#.###..###@.......#
####..##..##
###...##.#
#....###.######..###
###.######.##.....##
#.............#####
..##........###
.###........# .#
#........# .#
#........#


You could see Sigmund (invisible).

Vanquished Creatures
  A gnoll (D:2)
  An adder (D:2)
  An endoplasm (D:1)
  3 giant cockroaches (D:1)
  5 goblins
  4 hobgoblins
  3 jackals (D:1)
  2 kobolds (D:1)
  A quokka (D:1)
  2 ball pythons
  4 bats (D:1)
  2 frilled lizards (D:1)
  5 rats
34 creatures vanquished.

Notes
Turn   | Place    | Note
-------+----------+-------------------------------------------
     0 | D:1      | Decritt the Spriggan Conjurer began the quest for the Orb.
     0 | D:1      | Reached XP level 1. HP: 9/9 MP: 5/5
   510 | D:1      | Reached XP level 2. HP: 14/14 MP: 1/6
   760 | D:1      | Learned a level 2 spell: Searing Ray
  1225 | D:1      | Reached XP level 3. HP: 16/17 MP: 0/8
  1818 | D:2      | Found a runed translucent door.
  1819 | D:2      | Noticed Crazy Yiuf
  1846 | D:2      | Noticed Sigmund
  1859 | D:2      | Reached skill level 1 in Fighting
  2140 | D:2      | Lost strength.
  2141 | D:2      | Killed from afar by Sigmund

Illustrated notes

Levels and vault maps discovered:
D:1:      dpeg_arrival_castle, layout_basic
D:2:      layout_rooms, uniq_crazy_yiuf_cottage, uniq_sigmund

Skill      XL: |  1  2  3 |
---------------+----------+-----
Conjurations   | 3 |  3.4
Dodging        | 3 |  3.3
Spellcasting   | 3 |  3.3
Fighting       | 1 |  1.0
Stealth        | |  3.0

Action                   || total
-------------------------++-------
Melee: Unarmed           ||    17
 Cast: Magic Dart        ||    66
       Searing Ray       ||     7
  Use: Potion            ||     1
Armor: Robe              ||     4
Dodge: Dodged            ||    37

Table legend: (Time is in decaauts)
 A = Elapsed time spent in this place.
 B = Non-inter-level travel time spent in this place.
 C = Inter-level travel time spent in this place.
 D = Time resting spent in this place.
 E = Time spent auto-exploring this place.
 F = Levels seen in this place.
 G = Mean time per level.
                   A        B        C        D        E       F      G
               +--------+--------+--------+--------+--------+-----+--------+
         Total |   1704 |   1669 |     35 |    248 |   1184 |   2 |  852.0 |
       Dungeon |   1704 |   1669 |     35 |    248 |   1184 |   2 |  852.0 |
               +--------+--------+--------+--------+--------+-----+--------+

Top non-repeatable levels by time:
     D:1: 1475 daAuts
     D:2: 228 daAuts
